 Dungeon Crawl Stone Soup version 0.31-a0-986-g5e6e4ef867 (webtiles) character file.

Game seed: 14364190821823624777

17 Xavori the Trooper (level 2, -8/18 (27) HPs)
             Began as a Djinni Chaos Knight on Nov 3, 2023.
             Was a Plaything of Xom.
             Mangled by a chaos spawn (22 damage)
             ... summoned by Xom
             ... on level 2 of the Dungeon.
             The game lasted 00:00:42 (4013 turns).

Xavori the Trooper (Djinni Chaos Knight)            Turns: 4013, Time: 00:00:50

HP:   -8/18 (27)    AC:  6    Str: 15      XL:     2   Next: 80%
Gold: 84            EV: 12    Int: 11 (12) God:    Xom [......] SH:  4 Dex: 11

rFire   + + .        a - +0 falchion (chaos)
rCold   x . .        (no shield)
rNeg    . . .        b - +2 leather armour
rPois   ∞            (helmet restricted)
rElec   .            (no cloak)
rCorr   .            f - +0 pair of gloves
SInv    .            (boots unavailable)
Will    .....        (no amulet)
Stlth   +            (no ring)
HPRegen 0.23/turn    (no ring)
MPRegen 0.00/turn

%: infuse magic (-9 HP)
@: flying, very heavily drained
A: sickness immunity, fire resistance 2, cold vulnerability 1, float, innate
caster, HP casting, extra vitality 1, horns 1, large bone plates 1,
deterioration 1, robust 1, strong 1, MP-powered wands
a: Renounce Religion


You were on level 2 of the Dungeon.
You worshipped Xom.
You were a very special plaything of Xom.
You visited 1 branch of the dungeon, and saw 2 of its levels.

You collected 84 gold pieces.

Inventory:

Hand Weapons
 a - a +0 falchion of chaos (weapon)
Armour
 b - a +2 leather armour (worn)
 f - a +0 pair of gloves (worn)
Wands
 i - a wand of charming (5)
Scrolls
 c - a scroll of butterflies
 d - a scroll of identify {unknown}
 e - a scroll of poison {unknown}
 h - a scroll of vulnerability {unknown}
Potions
 g - a potion of cancellation {unknown}


   Skills:
 + Level 3.1 Fighting
 + Level 2.8 Long Blades
 + Level 1.3 Armour
 + Level 2.4 Dodging
 * Level 0.5 Spellcasting
 * Level 0.5 Conjurations
 * Level 0.5 Hexes
   Level 0.0 Charms
 * Level 0.5 Summonings
 * Level 0.5 Necromancy
 * Level 0.5 Translocations
 * Level 0.5 Transmutations
 * Level 0.5 Fire Magic
 * Level 0.5 Ice Magic
 * Level 0.5 Air Magic
 * Level 0.5 Earth Magic
 * Level 0.5 Poison Magic You didn't know any spells. Your spell library was empty.

Dungeon Overview and Level Annotations

Branches:
Dungeon (2/15)

Altars:


Innate Abilities, Weirdness & Mutations

You are immune to sickness and miasma.
You are immune to poison.
Your flesh is very heat resistant. (rF++)
You are vulnerable to cold. (rC-)
You float through the air rather than walking.
You learn spells naturally, not from books.
Your magical power is your life essence.
You have superior vitality. (+4 MHP)
You have a pair of small horns on your head.
You are partially covered in large bone plates. (SH +4)
Your body sometimes deteriorates upon taking damage.
You are robust. (+10% HP)
Your muscles are strong. (Str +4, Int/Dex -1)
You expend health (3 HP) to strengthen your wands.


Message History

The giant cockroach closely misses you.
A giant cockroach is nearby!
You hit the giant cockroach.
Your headbutt misses the giant cockroach.
The giant cockroach is heavily wounded.
The giant cockroach closely misses you.
A giant cockroach is nearby!
You completely miss the giant cockroach.
You headbutt the giant cockroach, but do no damage.
The giant cockroach is moderately wounded.
The giant cockroach completely misses you.
The giant cockroach bites you but does no damage.
A giant cockroach is nearby!
You barely miss the giant cockroach.
You headbutt the giant cockroach, but do no damage.
The giant cockroach bites you but does no damage.
A giant cockroach is nearby!
You slash the giant cockroach!
You kill the giant cockroach!
You see here a giant cockroach corpse.
An adder comes into view.
Found a runed garnet ring and 7 gold pieces.
The adder hisses angrily.
You hear Xom's maniacal laughter.
There are monsters nearby!
You hit the quasit.
The quasit is lightly wounded.
A rat comes into view.
The quasit bites you but does no damage.
The quasit misses you.
The quasit claws you but does no damage.
The chaos spawn closely misses you.
The quasit bites you but does no damage.
The quasit barely misses you. The quasit claws you.
The chaos spawn attacks as it pursues you!
The chaos spawn gores you. The chaos spawn freezes you!!
You feel a terrible chill!
Ouch! That really hurt!
You die...
Xom chortles!

(........ ###.###.# #### #
:.. # .$r. # #.#.# # ####=..
..........##.##....#
#.#.#.###..#.#..... .. .#
..#......S.#
###.###.#......4###
............###5@.#
.#....#..##.# ###.# .#.# #
#..#.### #†##### .#.#
##..#...###.....##### ...#
#.....#....†..#.....##
#..####.###...#####.#####..#
##......#####.# #.# ##.#
####.....###..# #.# #.#
######.##...##..# #.# #.#


You could see a chaos spawn (summoned), a quasit (summoned) and an adder.

Vanquished Creatures
  3 endoplasms (D:1)
  3 giant cockroaches
  3 goblins (D:1)
  A hobgoblin (D:1)
  A kobold (D:1)
  3 frilled lizards (D:2)
14 creatures vanquished.

Notes
Turn   | Place    | Note
-------+----------+-------------------------------------------
     0 | D:1      | Xavori the Djinni Chaos Knight began the quest for the Orb.
     0 | D:1      | Reached XP level 1. HP: 20/20 MP: 0/0
   152 | D:1      | Reached XP level 2. HP: 25/25 MP: 0/0
   275 | D:1      | XOM: silly message
   302 | D:1      | XOM: torment (14/25 hp)
   428 | D:1      | XOM: 6-stop teleportation journey
   491 | D:1      | XOM: give mutations
   491 | D:1      | Gained mutation: You have a pair of small horns on your
                  | head. [Xom's mischief]
   491 | D:1      | Gained mutation: Your muscles are strong. (Str +4, Int/Dex
                  | -1) [Xom's mischief]
  1427 | D:1      | XOM: give mutations
  1427 | D:1      | Gained mutation: Your body sometimes deteriorates upon
                  | taking damage. [Xom's mischief]
  1427 | D:1      | Gained mutation: Your mind is acute. (Int +4, Str/Dex -1)
                  | [Xom's mischief]
  1427 | D:1      | Gained mutation: You are robust. (+10% HP) [Xom's mischief]
  1427 | D:1      | Lost mutation: Your mind is acute. (Int +4, Str/Dex -1)
                  | [Xom's mischief]
  1523 | D:1      | XOM: stat loss: -1 Int (11/12)
  1889 | D:1      | XOM: draining
  3493 | D:1      | XOM is BORED!
  3493 | D:1      | XOM: draining
  3857 | D:1      | XOM: give mutations
  3857 | D:1      | Gained mutation: You expend health (3 HP) to strengthen
                  | your wands. [Xom's mischief]
  3857 | D:1      | Gained mutation: You are agile. (Dex +4, Str/Int -1) [Xom's
                  | mischief]
  3857 | D:1      | Gained mutation: You are partially covered in large bone
                  | plates. (SH +4) [Xom's mischief]
  3857 | D:1      | Lost mutation: You are agile. (Dex +4, Str/Int -1) [Xom's
                  | mischief]
  4011 | D:2      | XOM: summons 2 hostile demons
  4012 | D:2      | Noticed a chaos spawn
  4012 | D:2      | Noticed a quasit
  4013 | D:2      | Mangled by a chaos spawn

Illustrated notes

Levels and vault maps discovered:
D:1:      zelgadis_glass_arrival_small, layout_basic, minmay_misc_feat_pillars,
          serial_bayou_lake_a
D:2:      layout_rooms, hex_medium, minmay_misc_feat_roman, uniq_terence

Action                     || total
---------------------------++-------
  Melee: Falchion          ||    38
         Headbutt          ||     4
 Armour: Leather armour    ||    26
  Dodge: Dodged            ||    18

Table legend: (Time is in decaauts)
 A = Elapsed time spent in this place.
 B = Non-inter-level travel time spent in this place.
 C = Inter-level travel time spent in this place.
 D = Time resting spent in this place.
 E = Time spent auto-exploring this place.
 F = Levels seen in this place.
 G = Mean time per level.
                   A        B        C        D        E       F      G
               +--------+--------+--------+--------+--------+-----+--------+
         Total |   4021 |   3902 |    119 |   2928 |    858 |   2 | 2010.5 |
       Dungeon |   4021 |   3902 |    119 |   2928 |    858 |   2 | 2010.5 |
               +--------+--------+--------+--------+--------+-----+--------+

Top non-repeatable levels by time:
     D:1: 3853 daAuts
     D:2: 167 daAuts
